Unix NetHack Version 5.0.0-0 post-release - last build May 17 2026 04:57:42 (dc50c8380fa5e20985bfe3072449f57b8d9895ef,branch:main).

Game began 2026-05-20 09:05:29, ended 2026-05-20 09:15:54.

ArrBianca, lawful female dwarven Archeologist

                                             ---
                                            -..--    ---
                                         .|...@..|  |..|
                                         -.....q.----..|
                                         --...........--
                                          --. .....----
                                             ........|
                                            .........--
                                           ......--...|
                                     ---..^..........--
                             -.......|.......[.......
                             -...........).......(..
                             .-........-----......-
                                 ...         --...|
                                              |..--
                                             --..|
                                             |..<|
                                             -----

ArrBianca the Field Worker  St:14 Dx:12 Co:11 In:14 Wi:12 Ch:14  Lawful
Dlvl:5  $:19 HP:0(30) Pw:10(10) AC:5  Xp:3 T:1564 

Latest messages:
 You descend the stairs.
 What do you want to use or apply? [ae-hs or ?*] ?
 What do you want to use or apply? [ae-hs or ?*] y
 Sorry, I don't know how to use that.
 You see here a towel.
 You are carrying too much to get through.
 You see here a towel.
 You are carrying too much to get through.
 You feel strong!
 You must have been exercising diligently.
 You feel agile!
 You must have been working on your reflexes.
 You find a bear trap.
 You see here a tattered cape.
 In what direction? h
 The dart hits the rothe.
 In what direction? h
 The dart misses the rothe.
 In what direction? h
 The dart hits the rothe.
 In what direction? h
 The dart misses the rothe.
 In what direction? h
 The dart hits the rothe.
 In what direction? h
 The dart misses the rothe.
 The rothe hits!
 The rothe bites!
 The rothe misses!
 The rothe misses!
 The rothe bites!
 The rothe bites again!
 You lash the rothe.
 The rothe just misses!
 The rothe bites!
 The rothe bites again!
 You miss the rothe.
 The rothe hits!
 The rothe bites!
 The rothe bites again!
 There appears to be no shopkeeper here to receive your payment.
 There appears to be no shopkeeper here to receive your payment.
 In what direction? j
 The dart misses the rothe.
 The rothe hits!
 The rothe bites!
 The rothe bites again!
 You die...
 Do you want your possessions identified? [ynq] (y) n
 Do you want to see your attributes? [ynq] (y) q

Inventory:
 Coins    ('$')
  $ - 19 gold pieces
 Weapons  (')')
  w - 9 rustproof +0 darts (at the ready)
  D - 13 cursed +0 darts
  a - a +2 bullwhip (weapon in right hand)
  k - a +0 long sword (alternate weapon; not wielded)
 Armor    ('[')
  c - an uncursed +0 fedora (being worn)
  y - an uncursed +0 elven mithril-coat (being worn)
 Comestibles  ('%')
  d - 4 uncursed food rations
 Scrolls  ('?')
  l - an uncursed scroll of enchant weapon
  q - an uncursed scroll of punishment
 Spellbooks  ('+')
  s - an uncursed spellbook of charm monster
 Potions  ('!')
  C - a cursed potion of oil
 Tools    ('(')
  h - an uncursed sack containing 3 items
  e - a +0 pick-axe
  f - a tinning kit (0:55)
 Gems/Stones  ('*')
  g - an uncursed touchstone

Contents of the sack:
  an uncursed ring of invisibility
  an uncursed amethyst stone
  2 uncursed obsidian stones

ArrBianca the Archeologist's attributes:

Background:
 You were a Field Worker, a level 3 female dwarven Archeologist.
 You were lawful, nominally on a mission for Quetzalcoatl
 who was opposed by Camaxtli (neutral) and Huhetotl (chaotic).
 You were right-handed.
 You were in the Gnomish Mines, on level 5.
 You entered the dungeon 1564 turns ago.
 You had 67 experience points, 13 more were needed to attain level 4.

Basics:
 You had 0 out of 30 hit points.
 You had all 10 energy points (spell power).
 Your armor class was 5.
 Your wallet contained 19 zorkmids.
 Autopickup was on for '$?!/="+%' plus thrown, with exceptions.

Final Characteristics:
 Your strength was 14 (limit:18/100).
 Your dexterity was 12 (limit:20).
 Your constitution was 11 (limit:20).
 Your intelligence was 14 (limit:16).
 Your wisdom was 12 (limit:16).
 Your charisma was 14 (limit:16).

Final Status:
 You weren't hungry.
 You were unencumbered.
 You were wielding a whip.
 You had basic skill with whip.

Final Attributes:
 You were devoutly aligned.
 You had automatic searching.
 You had infravision.
 You were guarded.
 You were lucky.
 You are dead.

Miscellaneous:
 You didn't encounter any bones levels.
 Total elapsed playing time was 10 minutes and 25 seconds.

Major events:
 Turn
    1: ArrBianca the lawful female dwarven Archeologist entered the dungeon
  903: entered the Gnomish Mines
 1211: attained the rank of Field Worker (level 3)
 1564: killed by a rothe

You didn't know any spells.

Skills:
 Fighting Skills
   bare handed combat [Unskilled]
   two weapon combat  [Unskilled]
   riding             [Unskilled]
 Weapon Skills
   dagger             [Unskilled]
   knife              [Unskilled]
   pick-axe           [Basic]
   short sword        [Unskilled]
   saber              [Unskilled]
   club               [Unskilled]
   quarterstaff       [Unskilled]
   sling              [Unskilled]
   dart               [Unskilled]
   boomerang          [Unskilled]
   whip               [Basic]
   unicorn horn       [Unskilled]
 Spellcasting Skills
   attack spells      [Unskilled]
   healing spells     [Unskilled]
   divination spells  [Unskilled]
   matter spells      [Unskilled]

Voluntary challenges:
 Character rerolling was not enabled.
 You were an atheist.
 You never had a pet.
 You never genocided any monsters.
 You never polymorphed an object.
 You never changed form.
 You used no wishes.
Achievements:
 You entered the Gnomish Mines.
 You attained the rank of Field Worker.

 The Dungeons of Doom: levels 1 to 2
    Level 1:
       A fountain.
    Level 2:
       Stairs down to The Gnomish Mines.
 The Gnomish Mines: levels 3 to 5
    Level 3:
    Level 4:
    Level 5: <- You were here.
       Final resting place for
          you, killed by a rothe.


Vanquished creatures:
 an orc zombie
  a coyote
  2 cave spiders
  a brown mold
  2 geckos
  2 jackals
  a kobold
  2 sewer rats
  a grid bug
  2 bats
  5 lichens
  2 kobold zombies
  3 newts
25 creatures vanquished.

No species were genocided or became extinct.

Game over:
                       ----------
                      /          \
                     /    REST    \
                    /      IN      \
                   /     PEACE      \
                  /                  \
                  |    ArrBianca     |
                  |      19 Au       |
                  |   killed by a    |
                  |      rothe       |
                  |                  |
                  |                  |
                  |       2026       |
                 *|     *  *  *      | *
        _________)/\\_//(\/(/\)/\//\/|_)_______

Goodbye ArrBianca the Archeologist...

You died in The Gnomish Mines on dungeon level 5 with 506 points,
and 19 pieces of gold, after 1564 moves.
You were level 3 with a maximum of 30 hit points when you died.

